| TOP OF THE 1ST |
|
Oklahoma State University Cowboys batting - Pitching for Washington State University Cougars : RHP Jonathan Holland
|
|
Pitching: RHP Jonathan Holland
|
|
|
Batting: RHB Settan Nakamura
|
0-0: Ground out 5-3 (Groundball, 56, EV 77.5 MPH)
|
|
Batting: SHB Mel Gonzalez
|
0-0: Called Strike 0-1: Foul Ball, location: 2F 0-2: SINGLE (Line Drive, 6D, EV 103.8 MPH)
|
|
Batting: RHB Ben Saxton
|
0-0: Ball 1-0: Called Strike 1-1: Foul Ball, location: 2F 1-2: Fly out, F7 (Line Drive, 7S, EV 99.4 MPH)
|
|
Batting: LHB Rafael Banda
|
0-0: Ball 1-0: Ball 2-0: DOUBLE (Line Drive, 78XD, EV 110.0 MPH) Mel Gonzalez to third Runner from 3rd tries for Home, SAFE, throw by CF to home
|
|
Batting: RHB Masakuni Takeuchi
|
0-0: Foul Ball, location: 2F 0-1: Ball 1-1: Foul Ball, location: 2F 1-2: Strikes out swinging
|
| Top of the 1st over - 1 run, 2 hits, 0 errors, 1 left on base; Oklahoma State University 1 - Washington State University 0 |
| BOTTOM OF THE 1ST |
|
Washington State University Cougars batting - Pitching for Oklahoma State University Cowboys : RHP Ryan Kominski
|
|
Pitching: RHP Ryan Kominski
|
|
|
Batting: LHB Randolph Brodbeck
|
0-0: Foul Ball, location: 2F 0-1: Swinging Strike 0-2: Strikes out swinging
|
|
Batting: RHB Noe Oliva
|
0-0: Called Strike 0-1: Swinging Strike 0-2: Ball 1-2: Foul Ball, location: 2F 1-2: Strikes out swinging
|
|
Batting: RHB Camillo Bonauiti
|
0-0: Ball 1-0: Swinging Strike 1-1: Reached on error, E4 (Groundball, 34, EV 87.5 MPH)
|
|
Batting: RHB Miguel Pacheco
|
0-0: Called Strike 0-1: Called Strike 0-2: Ball Wild Pitch! Camillo Bonauiti to third 1-2: SINGLE (Line Drive, 7LS, EV 96.9 MPH) Camillo Bonauiti scores
|
|
Batting: LHB Jeremy Rideout
|
0-0: Fly out, F9 (Flyball, 9D, EV 90.0 MPH)
|
| Bottom of the 1st over - 1 run, 1 hit, 1 error, 1 left on base; Oklahoma State University 1 - Washington State University 1 |
| TOP OF THE 2ND |
|
Oklahoma State University Cowboys batting - Pitching for Washington State University Cougars : RHP Jonathan Holland
|
|
Batting: LHB Vecdi Ertegun
|
0-0: Ball 1-0: Ball 2-0: Foul Ball, location: 2F 2-1: Foul Ball, location: 2F 2-2: Ball 3-2: SINGLE (Groundball, 3D, EV 103.8 MPH)
|
|
Batting: RHB Ji-an See-to
|
0-0: Swinging Strike 0-1: Called Strike 0-2: Strikes out swinging
|
|
Batting: RHB Pedro Luera
|
0-0: Fly out, F8 (Flyball, 8RM, EV 77.5 MPH)
|
|
Batting: RHB Mennad Maalik
|
0-0: Ball 1-0: Ball Vecdi Ertegun steals 2nd base 2-0: Ball 3-0: Called Strike 3-1: SINGLE (Groundball, 25, EV 66.2 MPH) (infield hit) Vecdi Ertegun to third
|
|
Batting: RHB Settan Nakamura
|
0-0: Fly out, F8 (Flyball, 8RD, EV 98.8 MPH)
|
| Top of the 2nd over - 0 runs, 2 hits, 0 errors, 2 left on base; Oklahoma State University 1 - Washington State University 1 |
| BOTTOM OF THE 2ND |
|
Washington State University Cougars batting - Pitching for Oklahoma State University Cowboys : RHP Ryan Kominski
|
|
Batting: RHB Rich Griffith
|
0-0: Ball 1-0: Reached on error, E6 (Groundball, 56, EV 86.2 MPH)
|
|
Batting: RHB Wilson Salgado
|
0-0: Called Strike 0-1: SINGLE (Line Drive, 9S, EV 101.2 MPH) Rich Griffith to third
|
|
Batting: RHB Leo Lopez
|
0-0: Hit by Pitch Wilson Salgado to second
|
|
Batting: RHB Luis Mendoza
|
0-0: Ball 1-0: Called Strike 1-1: Ball 2-1: Called Strike 2-2: Strikes out swinging
|
|
Batting: LHB Randolph Brodbeck
|
0-0: Foul Ball, location: 2F 0-1: Ball 1-1: SINGLE (Groundball, 25, EV 71.9 MPH) (infield hit) Rich Griffith scores Wilson Salgado to third Leo Lopez to second
|
|
Batting: RHB Noe Oliva
|
0-0: Called Strike 0-1: Swinging Strike 0-2: Strikes out swinging
|
|
Batting: RHB Camillo Bonauiti
|
0-0: Called Strike 0-1: Called Strike 0-2: Ball 1-2: Ground out U3 (Groundball, 3L, EV 94.4 MPH)
|
| Bottom of the 2nd over - 1 run, 2 hits, 1 error, 3 left on base; Oklahoma State University 1 - Washington State University 2 |
| TOP OF THE 3RD |
|
Oklahoma State University Cowboys batting - Pitching for Washington State University Cougars : RHP Jonathan Holland
|
|
Batting: SHB Mel Gonzalez
|
0-0: Ball 1-0: Ball 2-0: Ball 3-0: Base on Balls
|
|
Batting: RHB Ben Saxton
|
0-0: Called Strike 0-1: Ball 1-1: Ball 2-1: 2-RUN HOME RUN (Flyball, 7D, EV 96.9 MPH), Distance : 401 ft
|
|
Batting: LHB Rafael Banda
|
0-0: Ball 1-0: Ball 2-0: Ball 3-0: Base on Balls
|
|
Batting: RHB Masakuni Takeuchi
|
0-0: Swinging Strike 0-1: Ball 1-1: Ball 2-1: Ball 3-1: Swinging Strike 3-2: Base on Balls Rafael Banda to second
|
|
Batting: LHB Vecdi Ertegun
|
0-0: Called Strike 0-1: Ball Wild Pitch! Rafael Banda to third Masakuni Takeuchi to second 1-1: Foul Ball, location: 2F 1-2: Fly out, F8 (Line Drive, 8LD, EV 108.1 MPH) Runner from 3rd tags up, SCORES, throw by CF Masakuni Takeuchi to third
|
|
Batting: RHB Ji-an See-to
|
0-0: Ball 1-0: Ball 2-0: Ball 3-0: Called Strike 3-1: Foul Ball, location: 2F 3-2: Ground out 6-3 (Groundball, 6S, EV 84.4 MPH) Masakuni Takeuchi scores
|
|
Batting: RHB Pedro Luera
|
0-0: Fly out, F9 (Flyball, 89M, EV 83.8 MPH)
|
| Top of the 3rd over - 4 runs, 1 hit, 0 errors, 0 left on base; Oklahoma State University 5 - Washington State University 2 |
| BOTTOM OF THE 3RD |
|
Washington State University Cougars batting - Pitching for Oklahoma State University Cowboys : RHP Ryan Kominski
|
|
Batting: RHB Miguel Pacheco
|
0-0: DOUBLE (Line Drive, 89D, EV 105.6 MPH)
|
|
Batting: LHB Jeremy Rideout
|
0-0: Called Strike 0-1: Reached on error, E3 (Groundball, 3, EV 78.8 MPH) Miguel Pacheco to third
|
|
Batting: RHB Rich Griffith
|
0-0: Ball 1-0: Grounds into double play, 6-4-3 (Groundball, 6, EV 85.0 MPH) Miguel Pacheco scores
|
|
Batting: RHB Wilson Salgado
|
0-0: Ball 1-0: Foul Ball, location: 2F 1-1: Ball 2-1: SINGLE (Line Drive, 7S, EV 91.2 MPH)
|
|
Batting: RHB Leo Lopez
|
0-0: Ball 1-0: Ball 2-0: Called Strike 2-1: Ball 3-1: Foul Ball, location: 2F 3-2: Base on Balls Wilson Salgado to second
|
|
Batting: RHB Luis Mendoza
|
0-0: Called Strike 0-1: Swinging Strike 0-2: Fly out, F8 (Line Drive, 89M, EV 100.0 MPH)
|
| Bottom of the 3rd over - 1 run, 2 hits, 1 error, 2 left on base; Oklahoma State University 5 - Washington State University 3 |
| TOP OF THE 4TH |
|
Oklahoma State University Cowboys batting - Pitching for Washington State University Cougars : RHP Jonathan Holland
|
|
Pitching: RHP John Stiff
|
|
|
Batting: RHB Mennad Maalik
|
0-0: Called Strike 0-1: Ball 1-1: SINGLE (Line Drive, 9S, EV 88.1 MPH)
|
|
Batting: RHB Settan Nakamura
|
0-0: Called Strike 0-1: Ball 1-1: Called Strike 1-2: Strikes out looking
|
|
Batting: SHB Mel Gonzalez
|
0-0: Ball 1-0: Ground out 4-3 (Groundball, 34, EV 88.1 MPH) Mennad Maalik to second
|
|
Batting: RHB Ben Saxton
|
0-0: Called Strike 0-1: Foul Ball, location: 2F 0-2: Ball 1-2: Foul Ball, location: 2F 1-2: Ground out U3 (Groundball, 3L, EV 83.1 MPH)
|
| Top of the 4th over - 0 runs, 1 hit, 0 errors, 1 left on base; Oklahoma State University 5 - Washington State University 3 |
| BOTTOM OF THE 4TH |
|
Washington State University Cougars batting - Pitching for Oklahoma State University Cowboys : RHP Ryan Kominski
|
|
Batting: LHB Randolph Brodbeck
|
0-0: Called Strike 0-1: Ball 1-1: Ball 2-1: Called Strike 2-2: Strikes out swinging
|
|
Batting: RHB Noe Oliva
|
0-0: Ball 1-0: Ball 2-0: Ball 3-0: Called Strike 3-1: Ground out 5-3 (Groundball, 56S, EV 83.8 MPH)
|
|
Batting: RHB Camillo Bonauiti
|
0-0: Ground out 5-3 (Groundball, 56, EV 108.1 MPH)
|
| Bottom of the 4th over - 0 runs, 0 hits, 0 errors, 0 left on base; Oklahoma State University 5 - Washington State University 3 |
| TOP OF THE 5TH |
|
Oklahoma State University Cowboys batting - Pitching for Washington State University Cougars : RHP John Stiff
|
|
Batting: LHB Rafael Banda
|
0-0: Ball 1-0: Ball 2-0: Foul Ball, location: 2F 2-1: Ground out 2-3 (Groundball, 2L, EV 65.6 MPH)
|
|
Batting: RHB Masakuni Takeuchi
|
0-0: Fly out, F7 (Flyball, 78S, EV 88.1 MPH)
|
|
Batting: LHB Vecdi Ertegun
|
0-0: Called Strike 0-1: Swinging Strike 0-2: Ball 1-2: Strikes out swinging
|
| Top of the 5th over - 0 runs, 0 hits, 0 errors, 0 left on base; Oklahoma State University 5 - Washington State University 3 |
| BOTTOM OF THE 5TH |
|
Washington State University Cougars batting - Pitching for Oklahoma State University Cowboys : RHP Ryan Kominski
|
|
Batting: RHB Miguel Pacheco
|
0-0: Ball 1-0: Fly out, F7 (Flyball, 7, EV 89.4 MPH)
|
|
Batting: LHB Jeremy Rideout
|
0-0: Swinging Strike 0-1: Fly out, F8 (Flyball, 8RM, EV 93.1 MPH)
|
|
Batting: RHB Rich Griffith
|
0-0: Ball 1-0: Fly out, F9 (Flyball, 9, EV 84.4 MPH)
|
| Bottom of the 5th over - 0 runs, 0 hits, 0 errors, 0 left on base; Oklahoma State University 5 - Washington State University 3 |
| TOP OF THE 6TH |
|
Oklahoma State University Cowboys batting - Pitching for Washington State University Cougars : RHP John Stiff
|
|
Batting: RHB Ji-an See-to
|
0-0: Ball 1-0: Ball 2-0: Foul Ball, location: 2F 2-1: SOLO HOME RUN (Flyball, 7D, EV 99.4 MPH), Distance : 383 ft
|
|
Batting: RHB Pedro Luera
|
0-0: Ball 1-0: Called Strike 1-1: Ball 2-1: Ball 3-1: Base on Balls
|
|
Batting: RHB Mennad Maalik
|
0-0: Called Strike 0-1: Fielders Choice at 2nd, 1-4 (Groundball, P, EV 66.9 MPH)
|
|
Pitching: RHP Juan Serrano
|
|
|
Batting: RHB Settan Nakamura
|
0-0: Ball 1-0: Fielders Choice at 2nd, 1-4 (Groundball, 15S, EV 68.1 MPH)
|
|
Batting: SHB Mel Gonzalez
|
0-0: Ball 1-0: SINGLE (Groundball, 4MD, EV 101.9 MPH) Settan Nakamura to second Runner from 2nd tries for 3rd, SAFE, throw by CF made to third
|
|
Batting: RHB Ben Saxton
|
0-0: Called Strike 0-1: Ball 1-1: Ball 2-1: Ball 3-1: Base on Balls Mel Gonzalez to second
|
|
Batting: LHB Rafael Banda
|
0-0: Fielders Choice at 2nd, U6 (Groundball, 6M, EV 93.8 MPH)
|
| Top of the 6th over - 1 run, 2 hits, 0 errors, 3 left on base; Oklahoma State University 6 - Washington State University 3 |
| BOTTOM OF THE 6TH |
|
Washington State University Cougars batting - Pitching for Oklahoma State University Cowboys : RHP Ryan Kominski
|
|
Pitching: RHP Bin Li
|
|
|
Batting: RHB Wilson Salgado
|
0-0: Ball 1-0: Ball 2-0: Called Strike 2-1: Fly out, F8 (Flyball, 89M, EV 91.2 MPH)
|
|
Batting: RHB Leo Lopez
|
0-0: Called Strike 0-1: Ball 1-1: Fly out, F8 (Flyball, 8LXD, EV 80.0 MPH)
|
|
Batting: RHB Luis Mendoza
|
0-0: Foul Ball, location: 2F 0-1: Ball 1-1: Fly out, F8 (Flyball, 78S, EV 86.9 MPH)
|
| Bottom of the 6th over - 0 runs, 0 hits, 0 errors, 0 left on base; Oklahoma State University 6 - Washington State University 3 |
| TOP OF THE 7TH |
|
Oklahoma State University Cowboys batting - Pitching for Washington State University Cougars : RHP Juan Serrano
|
|
Batting: RHB Masakuni Takeuchi
|
0-0: Ball 1-0: Called Strike 1-1: Ball 2-1: Called Strike 2-2: Strikes out swinging
|
|
Batting: LHB Vecdi Ertegun
|
0-0: Called Strike 0-1: Foul Ball, location: 2F 0-2: Foul Ball, location: 2F 0-2: Ball 1-2: Ball 2-2: Foul Ball, location: 2F 2-2: Foul Ball, location: 2F 2-2: Ball 3-2: Foul Ball, location: 2F 3-2: SOLO HOME RUN (Flyball, 89XD, EV 115.0 MPH), Distance : 448 ft
|
|
Batting: RHB Ji-an See-to
|
0-0: Called Strike 0-1: Ball 1-1: Foul Ball, location: 2F 1-2: Ball 2-2: Ball 3-2: Base on Balls
|
|
Batting: RHB Pedro Luera
|
0-0: Ball 1-0: Ball 2-0: Called Strike 2-1: 2-RUN HOME RUN (Flyball, 9D, EV 94.4 MPH), Distance : 375 ft
|
|
Pitching: RHP Dustin Hamblin
|
|
|
Batting: RHB Mennad Maalik
|
0-0: Ground out U3 (Groundball, 34S, EV 80.6 MPH)
|
|
Batting: RHB Settan Nakamura
|
0-0: Ball 1-0: Fly out, F8 (Flyball, 8RS, EV 91.9 MPH)
|
| Top of the 7th over - 3 runs, 2 hits, 0 errors, 0 left on base; Oklahoma State University 9 - Washington State University 3 |
| BOTTOM OF THE 7TH |
|
Washington State University Cougars batting - Pitching for Oklahoma State University Cowboys : RHP Bin Li
|
|
Batting: LHB Randolph Brodbeck
|
0-0: Called Strike 0-1: Called Strike 0-2: Strikes out swinging
|
|
Batting: RHB Noe Oliva
|
0-0: Ball 1-0: Called Strike 1-1: Called Strike 1-2: Ground out 5-3 (Groundball, 56, EV 101.2 MPH)
|
|
Batting: RHB Camillo Bonauiti
|
0-0: Ball 1-0: Fly out, F4 (Flyball, 34D, EV 88.1 MPH)
|
| Bottom of the 7th over - 0 runs, 0 hits, 0 errors, 0 left on base; Oklahoma State University 9 - Washington State University 3 |
| TOP OF THE 8TH |
|
Oklahoma State University Cowboys batting - Pitching for Washington State University Cougars : RHP Dustin Hamblin
|
|
Batting: SHB Mel Gonzalez
|
0-0: Ball 1-0: Ground out 6-3 (Groundball, 6, EV 81.2 MPH)
|
|
Batting: RHB Ben Saxton
|
0-0: Ball 1-0: SINGLE (Groundball, 4MD, EV 95.0 MPH)
|
|
Batting: LHB Rafael Banda
|
0-0: Called Strike 0-1: Ball 1-1: Foul Ball, location: 2F 1-2: Fly out, F9 (Line Drive, 9, EV 101.2 MPH)
|
|
Batting: RHB Masakuni Takeuchi
|
0-0: Foul Ball, location: 2F 0-1: Ball 1-1: Called Strike 1-2: Foul Ball, location: 2F 1-2: Foul Ball, location: 2F 1-2: Fly out, F3 (Popup, 3L, EV 58.8 MPH)
|
| Top of the 8th over - 0 runs, 1 hit, 0 errors, 1 left on base; Oklahoma State University 9 - Washington State University 3 |
| BOTTOM OF THE 8TH |
|
Washington State University Cougars batting - Pitching for Oklahoma State University Cowboys : RHP Bin Li
|
|
Batting: RHB Miguel Pacheco
|
0-0: Fly out, F9 (Flyball, 89D, EV 89.4 MPH)
|
|
Batting: LHB Jeremy Rideout
|
0-0: Foul Ball, location: 2F 0-1: Ball 1-1: Ball 2-1: Fly out, F9 (Line Drive, 9, EV 103.1 MPH)
|
|
Pinch Hitting: LHB Cameron Marinelli
|
0-0: Ball 1-0: Ground out 6-3 (Groundball, 6M, EV 85.0 MPH)
|
| Bottom of the 8th over - 0 runs, 0 hits, 0 errors, 0 left on base; Oklahoma State University 9 - Washington State University 3 |
| TOP OF THE 9TH |
|
Oklahoma State University Cowboys batting - Pitching for Washington State University Cougars : RHP Dustin Hamblin
|
|
Now at 2B: Cameron Marinelli
|
|
|
Batting: LHB Vecdi Ertegun
|
0-0: DOUBLE (Line Drive, 78D, EV 103.8 MPH)
|
|
Batting: RHB Ji-an See-to
|
0-0: Foul Ball, location: 2F 0-1: Ball 1-1: Ground out 1-3 (Groundball, P, EV 71.2 MPH) Vecdi Ertegun to third
|
|
Batting: RHB Pedro Luera
|
0-0: Foul Ball, location: 2F 0-1: Called Strike 0-2: Ball 1-2: Ground out 5-3 (Groundball, 56S, EV 91.2 MPH) Vecdi Ertegun scores
|
|
Batting: RHB Mennad Maalik
|
0-0: Called Strike 0-1: Ball 1-1: Foul Ball, location: 2F 1-2: Strikes out swinging
|
| Top of the 9th over - 1 run, 1 hit, 0 errors, 0 left on base; Oklahoma State University 10 - Washington State University 3 |
| BOTTOM OF THE 9TH |
|
Washington State University Cougars batting - Pitching for Oklahoma State University Cowboys : RHP Bin Li
|
|
Batting: RHB Wilson Salgado
|
0-0: Ball 1-0: Ball 2-0: Called Strike 2-1: Foul Ball, location: 2F 2-2: Ball 3-2: Ground out 1-3 (Groundball, 13, EV 68.1 MPH)
|
|
Pitching: RHP Yorinobu Matsumoto
|
|
|
Batting: RHB Leo Lopez
|
0-0: Called Strike 0-1: Fly out, F9 (Flyball, 9LD, EV 92.5 MPH)
|
|
Pinch Hitting: LHB Paul Mooris
|
0-0: Called Strike 0-1: Ground out U3 (Groundball, 3L, EV 92.5 MPH)
|
| Bottom of the 9th over - 0 runs, 0 hits, 0 errors, 0 left on base; Oklahoma State University 10 - Washington State University 3 |
|